 Dungeon Crawl Stone Soup version 0.24.0-123-gd5b16e6ec5 (webtiles) character file.

Game seed: 11778445935149193245, levelgen mode: deterministic

19 FishyPogo the Ducker (level 2, 0/22 HPs)
             Began as a Demonspawn Gladiator on Feb 4, 2020.
             Slain by a kobold
             ... wielding a +0 dagger
              (3 damage)
             ... on level 1 of the Dungeon.
             The game lasted 00:01:35 (316 turns).

FishyPogo the Ducker (Demonspawn Gladiator)          Turns: 316, Time: 00:01:35

Health: 0/22       AC:  4    Str: 14    XL:     2   Next: 55%
Magic:  2/2        EV: 13    Int:  9    God:
Gold:   35         SH:  0    Dex: 14    Spells: 1/1 levels left

rFire    . . .     SeeInvis .   a - +0 rapier
rCold    . . .     Gourm    .   (no shield)
rNeg     . . .     Faith    .   b - +0 leather armour
rPois    .         Spirit   .   c - +0 helmet
rElec    .         Reflect  .   (no cloak)
rCorr    .         Harm     .   (no gloves)
MR       .....                  (no boots)
Stlth    ++........             (no amulet)
HPRegen  0.07/turn              (no ring)
MPRegen  0.08/turn              (no ring)

@: no status effects
A: nightstalker 1
a: no special abilities


You were on level 1 of the Dungeon.
You were not hungry.

You visited 1 branch of the dungeon, and saw 1 of its levels.

You collected 35 gold pieces.

Inventory:

Hand Weapons
 a - a +0 rapier (weapon)
Missiles
 d - 3 throwing nets
 e - 24 stones (quivered)
 h - 9 poisoned darts
Armour
 b - a +0 leather armour (worn)
 c - a +0 helmet (worn)
Scrolls
 k - 2 scrolls of remove curse {unknown}
 l - 2 scrolls of teleportation {unknown}
 m - a scroll of identify {unknown}
 n - a scroll of fear {unknown}
Potions
 i - a potion of degeneration {unknown}
 j - a potion of mutation {unknown}
Comestibles
 f - 2 rations
 g - 9 chunks of flesh


   Skills:
 * Level 2.2 Fighting
 + Level 3.0 Short Blades
 + Level 1.8 Throwing
 * Level 0.3 Armour
 - Level 3.0 Dodging
 + Level 0.2 Stealth


You had one spell level left.
You didn't know any spells.
Your spell library was empty.

Dungeon Overview and Level Annotations

Branches:
Dungeon (1/15)

Altars:


Innate Abilities, Weirdness & Mutations

You are slightly more attuned to the shadows.


Message History

You hit the bat.
The bat is severely wounded.
The bat hits you but does no damage.
You barely miss the bat.
The bat is severely wounded.
The bat barely misses you.
You hit the bat.
You kill the bat!
Your Short Blades skill increases to level 3!
You closely miss the kobold. The kobold hits you with a +0 dagger.
* * * LOW HITPOINT WARNING * * *
You barely miss the kobold. The kobold hits you but does no damage.
Unknown command.
You miss the kobold. The kobold hits you with a +0 dagger.
* * * LOW HITPOINT WARNING * * *
You closely miss the kobold. The kobold hits you with a +0 dagger.
* * * LOW HITPOINT WARNING * * *
You closely miss the kobold. The kobold barely misses you.
You miss the kobold. The kobold hits you with a +0 dagger.
You die...

.......####.....>.........#.#
####........................#
## #....#.###..........##...#
.####.......#.##..(.........
..............[...(......###
##............##s.(....)...#
##)#...##.#.#.##gl###.........
##)######.....##K## #######..#
○#'#≈≈≈☼#####.##@# $#
○#.#≈≈○≈≈# #....# ○#.#☼○#≈≈#
#....# §#.#○☼§≈≈#.......#
≈#.#≈§§≈°#....####
☼#<#≈°○○≈#....#
○#.#≈%≈≈○#....# ☼#.#○≈#≈°#....
≈#.#○☼°°≈#


You could see a gnoll, a giant cockroach, a kobold and a frilled lizard.

Vanquished Creatures
  A leopard gecko (D:1)
  2 giant cockroaches (D:1)
  4 hobgoblins (D:1)
  3 kobolds (D:1)
  3 bats (D:1)
  A frilled lizard (D:1)
  2 rats (D:1)
16 creatures vanquished.

Notes
Turn   | Place    | Note
-------+----------+-------------------------------------------
     0 | D:1      | FishyPogo the Demonspawn Gladiator began the quest for the
                  | Orb.
     0 | D:1      | Reached XP level 1. HP: 16/16 MP: 1/1
   106 | D:1      | Gained mutation: You are slightly more attuned to the
                  | shadows. [demonic ancestry]
   106 | D:1      | Reached XP level 2. HP: 18/22 MP: 2/2
   316 | D:1      | Slain by a kobold

Levels and vault maps discovered:
D:1:      saegor_arrival_miasma, layout_rooms

Skill      XL: |  1  2 |
---------------+-------+-----
Dodging        | 3 |  3.0
Short Blades   | 3 |  3.0
Fighting       | |  2.2
Throwing       | |  1.8
Armour         | |  0.3
Stealth        | |  0.2

Action                   || total
-------------------------++-------
Melee: Rapier            ||    52
Throw: Stone             ||     1
Armor: Leather armour    ||    19
Dodge: Dodged            ||    44
